 Dungeon Crawl Stone Soup version 0.18.1-5-g4a78601 (webtiles) character file.

15623 Helmschank the Severer (level 12, -22/106 HPs)
             Began as a Deep Dwarf Fighter on May 10, 2016.
             Was the Champion of Makhleb.
             Killed from afar by a frost giant (23 damage)
             ... with a bolt of cold
             ... in an ice cave.
             The game lasted 01:17:55 (10550 turns).

Helmschank the Severer (Deep Dwarf Fighter)        Turns: 10550, Time: 01:17:55

Health: -22/106    AC: 18    Str: 25    XL:     12   Next: 2%
Magic:  12/12      EV:  3    Int: 14    God:    Makhleb [******]
Gold:   488        SH: 18    Dex: 12    Spells: 0 memorised, 11 levels left

rFire  . . .     SeeInvis .     b - +0 war axe
rCold  . . .     Gourm    .     O - +0 plate armour
rNeg   + . .     Faith    .     l - +2 large shield {rN+}
rPois  .         Spirit   .     E - +0 helmet
rElec  .         Dismiss  .     y - +0 cloak
rCorr  +         Reflect  .     z - +1 pair of gloves
SustAt .         Harm     .     (no boots)
MR     +....                    (no amulet)
Stlth  ..........               P - ring of resist corrosion
                                h - +5 ring of intelligence

@: non-regenerating, somewhat resistant to hostile enchantments, extremely
unstealthy
A: damage resistance, recharge devices, sense surroundings 2, slow regeneration
3
a: Device Recharging, Minor Destruction, Lesser Servant of Makhleb, Major
Destruction, Greater Servant of Makhleb, Renounce Religion


You were in an ice cave.
You worshipped Makhleb.
Makhleb was exalted by your worship.
You were not hungry.

You visited 3 branches of the dungeon, and saw 13 of its levels.
You also visited: Ice Cave.

You collected 734 gold pieces.
You spent 246 gold pieces at shops.

Inventory:

Hand Weapons
 a - a +3 hand axe
 b - a +0 war axe (weapon)
 H - a +2 whip of flaming
 K - a +1 war axe of chaos
Missiles
 w - 5 curare-tipped needles
 A - 44 poisoned needles
 Q - 16 tomahawks (quivered)
 R - 211 stones
 T - 7 javelins
Armour
 l - a +2 large shield of positive energy (worn)
 y - a +0 cloak (worn)
 z - a +1 pair of gloves (worn)
 E - a +0 helmet (worn)
 O - a +0 plate armour (worn)
Rods
 r - a +2 rod of shadows (0/14)
   (You found it on level 8 of the Dungeon)
Jewellery
 h - a +5 ring of intelligence (left hand)
 P - a ring of resist corrosion (right hand)
Wands
 e - a wand of heal wounds (0/9)
 u - a wand of iceblast (7/15)
 B - a wand of disintegration (10/24)
 D - a wand of flame (21/48)
 G - a wand of iceblast (7/15)
Scrolls
 k - a scroll of enchant armour
 m - a scroll of enchant weapon
 s - 3 scrolls of recharging
 C - 2 scrolls of magic mapping
 F - 3 scrolls of teleportation
 S - a scroll of acquirement {unknown}
Potions
 c - 2 potions of berserk rage
 d - 4 potions of might
 g - a potion of degeneration {unknown}
 i - 4 potions of haste
 j - a potion of heal wounds {unknown}
 n - a potion of resistance {unknown}
 o - 3 potions of flight {unknown}
 p - 3 potions of curing
 q - 2 potions of brilliance {unknown}
 v - a potion of magic {unknown}
 x - a potion of ambrosia {unknown}
 J - a potion of invisibility {unknown}
Comestibles
 f - 9 bread rations
 t - 5 meat rations
 I - 20 chunks of flesh


   Skills:
 + Level 6.4 Fighting
 * Level 16.3 Axes
 - Level 2.0 Throwing
 - Level 8.0 Armour
 - Level 7.0 Shields
 - Level 5.0 Evocations


You had 11 spell levels left.
You didn't know any spells.

Dungeon Overview and Level Annotations

Branches:
Dungeon (11/15)            Temple (1/1) D:4            Lair (1/8) D:11
    Orc: D:9-12

Altars:
Dithmenos
Fedhas
Gozag
Kikubaaqudgha
Makhleb
Nemelex Xobeh
Okawaru
Ru
Sif Muna
Trog
Vehumet
Yredelemnul
Zin

Shops:
D:6 [   D:10 [


Innate Abilities, Weirdness & Mutations

You are resistant to damage.
You can recharge devices by infusing magical energy.
You passively map the area around you.
You do not regenerate naturally.


Message History

Evoke which item? (* to show all) (? for menu, Esc to quit)
Okay, then.
The frost giant hits your hellwing with a battleaxe of freezing!!
The frost giant freezes your hellwing!
Your hellwing dies!
Your iguana bites the frost giant.
The frost giant casts a spell at you. The bolt of cold hits your iguana.
Your iguana dies!
Your iguana's corpse dissolves into shadows!
The bolt of cold hits you!
* * * LOW HITPOINT WARNING * * *
You take 37 damage, and have 1/106 hp.
MASSIVE DAMAGE!!
Evoke which item? (* to show all) (? for menu, Esc to quit)
Okay, then.
The frost giant gestures at you while chanting.
The bolt of cold hits your giant frog zombie.
Your giant frog zombie resists.
The bolt of cold hits you!
You die...

########
####....(.##
###.h...#...(####
#....#######.CZ.####
...### ####.@..###
#### ###....### * *
* *###....### ≈ ≈
*###....# ≈ ≈≈ ≈ ≈
###..# ≈ * ≈ ≈ ≈ ≈
####..## * *
####....##
*###......##
##...#.####


You could see a frost giant and a friendly giant frog zombie.

Vanquished Creatures
  The ghost of tbh1313 the Bludgeoner, a journeyman GrFi of Okawaru (IceCv)
  Erica (D:10)
  Pikel (D:5)
  An ugly thing (D:11)
  An ice statue (IceCv)
  A kobold demonologist (D:11)
  A troll (D:10)
  14 polar bears (IceCv)
  A two-headed ogre (D:8)
  A vampire (D:11)
  2 wyverns
  2 wraiths (D:7)
  8 yaks (IceCv)
  2 hippogriffs
  2 orc warriors
  3 slaves (D:5)
  11 ice beasts
  A black bear (D:8)
  2 necrophages
  6 ogres
  3 sky beasts
  5 wolves (IceCv)
  A boggart (shapeshifter) (Lair:1)
  3 crocodiles (Lair:1)
  A centaur (D:4)
  A big kobold (D:10)
  A wyvern zombie (D:7)
  9 giant frogs
  3 scorpions
  A water moccasin skeleton (D:10)
  6 killer bees (D:9)
  6 wights
  An electric eel (D:6)
  7 howler monkeys
  2 lava snakes (D:10)
  5 crimson imps
  A quasit (D:10)
  3 giant frog skeletons
  4 human zombies (D:7)
  8 orc priests
  A hound (D:2)
  5 jellies
  3 centaur skeletons
  12 orc wizards
  5 iguanas
  4 worker ants
  A mummy (D:7)
  An ogre zombie (D:7)
  2 hound zombies
  A hound skeleton (D:11)
  A worker ant zombie (D:8)
  A howler monkey skeleton (D:5)
  8 adders
  6 oozes
  3 worms
  4 dart slugs
  7 giant geckos
  50 orcs
  7 bats
  7 giant cockroaches
  13 hobgoblins
  9 jackals
  10 kobolds
  3 quokkas
  2 ball pythons
  2 giant gecko skeletons (D:4)
  5 giant newts
  9 goblins
  An orc skeleton (D:7)
  8 rats
  2 rat zombies (D:2)
  A plant (D:11)
327 creatures vanquished.

Vanquished Creatures (collateral kills)
  2 polar bears (IceCv)
  A yak (IceCv)
  3 wolves (IceCv)
6 creatures vanquished.

Vanquished Creatures (others)
  A human (D:9)
  A crimson imp (D:6)
  A hound (D:6)
  An adder (D:6)
  A giant gecko (D:6)
5 creatures vanquished.

Grand Total: 338 creatures vanquished

Notes
Turn   | Place    | Note
--------------------------------------------------------------
     0 | D:1      | Helmschank the Deep Dwarf Fighter began the quest for the Orb.
     0 | D:1      | Reached XP level 1. HP: 20/20 MP: 1/1
   105 | D:1      | Reached XP level 2. HP: 27/27 MP: 2/2
   362 | D:1      | Reached skill level 3 in Axes
   414 | D:1      | Reached XP level 3. HP: 28/33 MP: 3/3
   721 | D:2      | Found a deep blue altar of Sif Muna.
   940 | D:2      | Found a burning altar of Makhleb.
   947 | D:2      | Reached skill level 4 in Axes
   947 | D:2      | Reached XP level 4. HP: 21/40 MP: 4/4
   957 | D:2      | Became a worshipper of Makhleb the Destroyer
  1323 | D:2      | Found an ancient bone altar of Kikubaaqudgha.
  1541 | D:3      | Found a sacrificial altar of Ru.
  1748 | D:3      | Reached * piety under Makhleb
  1833 | D:3      | Reached XP level 5. HP: 35/46 MP: 5/5
  1891 | D:3      | Reached skill level 1 in Evocations
  2439 | D:4      | Found a shadowy altar of Dithmenos.
  2592 | D:4      | Noticed an ogre
  2608 | D:4      | Killed an ogre
  2608 | D:4      | Reached skill level 5 in Axes
  2608 | D:4      | Reached skill level 5 in Shields
  2608 | D:4      | Reached XP level 6. HP: 22/55 MP: 7/7
  2727 | D:4      | Reached skill level 6 in Axes
  2806 | D:4      | Reached ** piety under Makhleb
  2880 | D:4      | Reached XP level 7. HP: 29/61 MP: 8/8
  2994 | D:4      | Found a staircase to the Ecumenical Temple.
  3005 | Temple   | Entered the Ecumenical Temple
  3199 | D:5      | Entered Level 5 of the Dungeon
  3406 | D:5      | Reached skill level 7 in Axes
  3792 | D:5      | Reached skill level 5 in Evocations
  4120 | D:5      | Found a glowing silver altar of Zin.
  4121 | D:5      | Found a sparkling altar of Nemelex Xobeh.
  4316 | D:6      | Noticed Pikel
  4397 | D:5      | Killed Pikel
  4397 | D:5      | Reached *** piety under Makhleb
  4397 | D:5      | Reached skill level 8 in Axes
  4397 | D:5      | Reached skill level 5 in Armour
  4397 | D:5      | Reached XP level 8. HP: 46/68 MP: 10/10
  4409 | D:6      | Found Jafu Kaqi's Armour Boutique.
  4424 | D:6      | Reached skill level 9 in Axes
  4443 | D:6      | Bought a +0 cloak for 54 gold pieces
  4443 | D:6      | Bought a +1 pair of gloves for 138 gold pieces
  4563 | D:6      | Found a radiant altar of Vehumet.
  4786 | D:6      | Found a glowing silver altar of Zin.
  5179 | D:7      | Reached skill level 10 in Axes
  5179 | D:7      | Gained mutation: You passively map the area around you. [Deep Dwarf growth]
  5179 | D:7      | Reached XP level 9. HP: 40/76 MP: 11/11
  5199 | D:7      | Found a basalt altar of Yredelemnul.
  5459 | D:7      | Reached skill level 11 in Axes
  5487 | D:7      | Found an iron altar of Okawaru.
  5812 | D:8      | Reached **** piety under Makhleb
  5826 | D:8      | Found a bloodstained altar of Trog.
  5834 | D:8      | Reached skill level 5 in Fighting
  6031 | D:6      | Bought a +0 helmet for 54 gold pieces
  6142 | D:8      | Reached skill level 12 in Axes
  6142 | D:8      | Reached skill level 1 in Throwing
  6237 | D:8      | Identified a +2 rod of shadows (14/14) (You found it on level 8 of the Dungeon)
  6745 | D:8      | Reached XP level 10. HP: 88/88 MP: 12/12
  7336 | D:9      | Reached ***** piety under Makhleb
  7460 | D:9      | Found an ancient bone altar of Kikubaaqudgha.
  7643 | D:10     | Entered Level 10 of the Dungeon
  7643 | D:10     | Noticed Erica
  7681 | D:10     | Killed Erica
  7681 | D:10     | Reached skill level 13 in Axes
  7707 | D:10     | Found Jafuthou's Armour Emporium.
  8675 | D:10     | Found a burning altar of Makhleb.
  8917 | D:11     | Reached skill level 14 in Axes
  9054 | D:11     | Noticed a green ugly thing
  9078 | D:11     | Killed a green ugly thing
  9113 | D:11     | Reached XP level 11. HP: 64/94 MP: 12/12
  9300 | D:11     | Found a staircase to the Lair.
  9668 | Lair:1   | Entered Level 1 of the Lair of Beasts
  9720 | Lair:1   | Found a frozen archway.
  9831 | IceCv    | Entered an ice cave
  9864 | IceCv    | Reached skill level 15 in Axes
  9953 | IceCv    | Reached ****** piety under Makhleb
 10060 | IceCv    | Noticed tbh1313's ghost (journeyman GrFi)
 10095 | IceCv    | Killed tbh1313's ghost
 10351 | IceCv    | Reached skill level 16 in Axes
 10504 | IceCv    | Noticed a frost giant
 10530 | IceCv    | Reached XP level 12. HP: 34/106 MP: 12/12
 10538 | IceCv    | HP: 1/106 [frost giant/bolt of cold (33)]
 10549 | IceCv    | HP: 1/106 [frost giant/bolt of cold (37)]
 10550 | IceCv    | Killed from afar by a frost giant

Skill      XL: |  1  2  3  4  5  6  7  8  9 10 11 |
---------------+----------------------------------+-----
Axes           | 3 4 5 6 8 10 12 14 16 | 16.3
Shields        | 4 5 7 |  7.0
Evocations     | 2 3 5 |  5.0
Armour         | 5 6 8 |  8.0
Fighting       | 3 5 6 |  6.4
Throwing       | 2 |  2.0

Action                   |  1- 3 |  4- 6 |  7- 9 | 10-12 || total
-------------------------+-------+-------+-------+-------++-------
Melee: War axe           |   122 |   225 |   563 |   649 ||  1559
       Hand axe          |       |       |       |   174 ||   174
Throw: Stone             |     7 |    47 |       |       ||    54
       Tomahawk          |       |    12 |    62 |    37 ||   111
Invok: Lesser Servant of |       |       |       |     1 ||     1
 Abil: Device Recharging |       |     1 |       |     2 ||     3
Evoke: Wand              |       |     5 |     5 |    11 ||    21
       Rod               |       |       |       |     3 ||     3
  Use: Scroll            |       |     7 |     8 |     2 ||    17
       Potion            |       |       |       |     4 ||     4
 Stab: Petrified         |       |       |       |     3 ||     3
       Petrifying        |       |       |       |     1 ||     1
       Distracted        |       |       |       |     1 ||     1
  Eat: Chunk             |       |     7 |    14 |    12 ||    33
       Meat ration       |       |       |       |     1 ||     1
Armor: Scale mail        |    43 |       |       |       ||    43
       Chain mail        |    16 |    97 |   169 |   238 ||   520
       Plate armour      |       |       |       |   229 ||   229
Dodge: Dodged            |    33 |    34 |    56 |    88 ||   211
Block: Shield            |    65 |   124 |    10 |       ||   199
       Large shield      |       |       |   421 |   836 ||  1257
